 Dungeon Crawl Stone Soup version 0.17-a0-1570-g74b7129 (console) character file.

10517 Illaniel the Carver (level 11, -1/72 HPs)
             Began as a High Elf Skald on July 22, 2015.
             Was a High Priest of Okawaru.
             Engulfed by a cloud of freezing vapour (23 damage)
             ... in an ice cave on July 23, 2015.
             The game lasted 01:16:22 (11550 turns).

Illaniel the Carver (High Elf Skald)               Turns: 11550, Time: 01:16:22

Health: -1/72      AC:  7    Str: 14    XL:     11   Next: 37%
Magic:  21/21      EV: 19    Int: 16    God:    Okawaru [*****.]
Gold:   736        SH:  0    Dex: 16    Spells: 6 memorised, 10 levels left

rFire  . . .     SeeInvis .     f - +0 scimitar (flame)
rCold  . . .     Clarity  .     V - +1 robe {MR+}
rNeg   . . .     SustAt   +     (no shield)
rPois  .         Gourm    .     (no helmet)
rElec  .         Spirit   .     W - +1 cloak {+Inv}
rCorr  .         Warding  .     l - +1 pair of gloves
rMut   .         Stasis   .     (no boots)
MR     ++...                    n - amulet of rage
Stlth  ++........               O - +2 ring of evasion
                                F - ring of sustain attributes

@: very resistant to hostile enchantments, unstealthy
A: no striking features
a: Heroism, Finesse, Renounce Religion, Evoke Berserk Rage, Evoke Invisibility


You were in an ice cave.
You worshipped Okawaru.
Okawaru was extremely pleased with you.
You were not hungry.

You visited 3 branches of the dungeon, and saw 12 of its levels.
You also visited: Ossuary and Ice Cave.

You collected 736 gold pieces.

Inventory:

Hand weapons
 a - a +2 great sword
 f - a +0 scimitar of flaming (weapon)
 Q - a +0 falchion
Missiles
 k - 63 poisoned needles
 I - 3 curare-tipped needles
Armour
 l - a +1 pair of gloves (worn)
 V - a +1 robe of magic resistance (worn)
 W - a +1 cloak of invisibility (worn)
Jewellery
 n - an amulet of rage (around neck)
 s - an uncursed ring of fire
 C - an uncursed amulet of stasis
 F - a ring of sustain attributes (left hand)
 O - a +2 ring of evasion (right hand)
 U - an uncursed ring of teleportation
Magical devices
 o - a wand of disintegration (7)
 u - a wand of draining (2)
 K - a wand of frost (33)
Scrolls
 e - a scroll of fear
 p - a scroll of teleportation
 q - 2 scrolls of enchant armour
 r - 2 scrolls of amnesia
 t - 10 scrolls of remove curse
 v - a scroll of enchant weapon
 B - 2 scrolls of noise
 J - a scroll of magic mapping {unknown}
 P - a scroll of immolation
Potions
 g - 4 potions of curing
 h - a potion of magic {unknown}
 m - a potion of berserk rage
 w - a potion of resistance
 x - a potion of might
 z - 2 potions of lignification
 A - 3 potions of agility
 D - a potion of cure mutation
 G - 2 potions of haste
 H - a potion of poison
 L - a potion of ambrosia
 M - a potion of flight
 S - a potion of brilliance {unknown}
Books
 c - a book of Battle

   Spells                             Type                      Level
   a - Infusion                       Charms                       1
   b - Shroud of Golubria             Charms/Translocation         2
   c - Song of Slaying                Charms                       2
   d - Spectral Weapon                Hexes/Charms                 3
   e - Regeneration                   Charms/Necromancy            3
 y - a book of Transfigurations

   Spells                             Type                      Level
   a - Stoneskin                      Transmutation/Earth          2
   b - Irradiate                      Conjuration/Transmutation    5
   c - Statue Form                    Transmutation/Earth          6
   d - Hydra Form                     Transmutation                6
   e - Dragon Form                    Transmutation                7
 N - a book of Beasts

   Spells                             Type                      Level
   a - Summon Butterflies             Summoning                    1
   b - Call Canine Familiar           Summoning                    3
   c - Summon Ice Beast               Ice/Summoning                4
   d - Summon Mana Viper              Hexes/Summoning              5
   e - Summon Hydra                   Summoning                    7
Miscellaneous
 T - a crystal ball of energy
Comestibles
 d - 8 bread rations
 i - 3 beef jerkies
 j - 4 meat rations
 E - a slice of pizza


   Skills:
 + Level 5.4 Fighting
 * Level 9.6 Long Blades
 + Level 5.0 Armour
 * Level 8.3 Dodging
 + Level 1.9 Stealth
 + Level 6.5 Spellcasting
 - Level 3.3 Hexes
 + Level 7.6 Charms
 + Level 1.0 Summonings
 - Level 3.3 Translocations
 + Level 6.2 Invocations
 + Level 5.1 Evocations


You had 10 spell levels left.
You knew the following spells:

 Your Spells              Type           Power        Failure   Level  Hunger
b - Song of Slaying       Chrm           ####....     1%          2    None
c - Spectral Weapon       Hex/Chrm       ###.....     4%          3    ##.....
g - Stoneskin             Trmt/Erth      #.......     21%         2    None
h - Shroud of Golubria    Chrm/Tloc      ###.......   1%          2    None
r - Regeneration          Chrm/Necr      ###.......   12%         3    ##.....
z - Summon Butterflies    Summ           #.......     10%         1    None


Dungeon Overview and Level Annotations

Branches:
Dungeon (9/15)             Temple (1/1) D:6            Lair (2/8) D:9
    Orc: D:9-12

Altars:
Ashenzari
Cheibriados
Dithmenos
Elyvilon
Gozag
Kikubaaqudgha
Makhleb
Nemelex Xobeh
Okawaru
Qazlal
Ru
Sif Muna
Trog
Xom
Yredelemnul
Zin
The Shining One

Annotations:
Lair:1 JohnySteed's ghost, experienced TrMo


Message History

Your skin stops crawling.
You start waiting.
You are engulfed in freezing vapours.
You are engulfed in freezing vapours.
Casting: Regeneration
Confirm with . or Enter, or press ? or * to list all spells.
Your skin crawls.
You start resting.
Your skin is crawling a little less now.
Your skin stops crawling.
Things that are here:
a yak skeleton; a polar bear skeleton The frost giant casts a spell at you.
The bolt of cold hits you!
Ouch! That really hurt!
You see here a yak skeleton.
Things that are here:
a yak skeleton; a polar bear skeleton You are engulfed in freezing vapours.
You die...

▒▒▒▒ ∙▒∙▒▒ ▒▒▒▒▒▒▒▒▒▒
⌠∙▒∙▒▒▒▒▒▒▒▒###▒▒###▒
∙▒▒▒∙▒∙∙▒∙∙∙▒▒##@▒▒∙%∙▒
▒▒▒▒▒∙∙▒∙∙▒▒▒▒▒▒▒▒
▒∙∙∙∙▒ ▒≈≈∙▒▒▒▒▒∙∙▒
▒∙∙∙∙∙ ≈≈▒≈∙∙▒▒∙∙▒▒
▒C∙∙∙ ≈≈≈▒▒∙∙∙▒▒▒ ∙∙▒▒
▒≈≈≈▒▒▒▒▒ ▒▒ ≈≈≈▒≈≈▒
≈≈≈≈≈≈≈≈≈ ▒≈≈≈≈≈≈≈≈
▒▒≈≈▒≈▒≈≈ ▒▒≈≈≈≈≈▒
≈≈▒▒≈ ▒ ▒▒ ∙▒▒ ∙∙▒▒
∙∙∙▒▒


There were no monsters in sight!

Vanquished Creatures
  Erica (Lair:1)
  A death yak (IceCv)
  A komodo dragon (Lair:1)
  10 polar bears (IceCv)
  A trapdoor spider zombie (D:9)
  13 yaks
  16 wolves (IceCv)
  The ghost of Illaniel the Charmwright, an average HESk (D:5)
  A porcupine (D:9)
  An orc warrior (D:7)
  4 sky beasts
  A crocodile (Lair:1)
  3 ogres
  2 phantoms
  An ice beast (D:8)
  A centaur (D:7)
  A big kobold (D:8)
  3 giant frogs
  A gnoll sergeant (D:7)
  A scorpion (D:4)
  5 killer bees (D:8)
  10 wights
  2 crimson imps (D:5)
  A gnoll shaman (D:4)
  A centaur zombie (D:8)
  2 orc priests
  Crazy Yiuf (D:6)
  5 hounds
  2 iguanas
  Terence (D:2)
  4 orc wizards
  6 worker ants
  A hell rat (D:9)
  2 big kobold zombies (Ossuary)
  A hound zombie (Ossuary)
  4 mummies (Ossuary)
  8 adders
  10 gnolls
  5 river rats
  3 shadow imps
  An ooze (D:5)
  2 adder zombies (Ossuary)
  3 worms
  18 orcs
  2 bat skeletons
  2 giant cockroaches
  14 goblins
  14 hobgoblins
  6 jackals
  17 kobolds
  2 quokkas (D:9)
  9 bats
  A giant gecko skeleton (D:5)
  3 giant newts
  A goblin zombie (Ossuary)
  A hobgoblin zombie (Ossuary)
  A jackal zombie (Ossuary)
  2 kobold zombies (Ossuary)
  11 rats
  2 rat zombies (Ossuary)
250 creatures vanquished.

Vanquished Creatures (others)
  5 polar bears (IceCv)
  4 yaks (IceCv)
  2 fungi (Lair:1)
  5 spectral weapons
16 creatures vanquished.

Grand Total: 266 creatures vanquished

Notes
Turn   | Place    | Note
--------------------------------------------------------------
     0 | D:1      | Illaniel the High Elf Skald began the quest for the Orb.
     0 | D:1      | Reached XP level 1. HP: 14/14 MP: 4/4
   105 | D:1      | Reached skill level 1 in Armour
   439 | D:1      | Reached XP level 2. HP: 13/19 MP: 1/6
   443 | D:1      | Learned a level 2 spell: Shroud of Golubria
   633 | D:2      | Found a faded altar to an unknown god.
   783 | D:2      | Noticed Terence
   864 | D:3      | Reached XP level 3. HP: 25/25 MP: 4/7
   869 | D:3      | Learned a level 3 spell: Spectral Weapon
   923 | D:3      | Found a stormy altar of Qazlal.
   923 | D:3      | Found a burning altar of Makhleb.
   924 | D:3      | Found a white marble altar of Elyvilon.
   979 | D:2      | Killed Terence
  1143 | D:2      | Found an iron altar of Okawaru.
  1151 | D:2      | Became a worshipper of Warmaster Okawaru
  1306 | D:1      | Reached XP level 4. HP: 26/30 MP: 3/9
  1949 | D:3      | Found a bloodstained altar of Trog.
  2017 | D:3      | Reached XP level 5. HP: 15/36 MP: 2/10
  2030 | D:3      | Learned a level 3 spell: Regeneration
  2118 | D:3      | Reached skill level 4 in Charms
  2182 | D:3      | Noticed an angel
  2183 | D:3      | Found a glowing silver altar of Zin.
  2184 | D:3      | Found a shimmering altar of Xom.
  2426 | D:4      | Reached skill level 1 in Hexes
  2784 | D:4      | Found a sand-covered staircase.
  2793 | Ossuary  | Entered an ossuary
  2882 | Ossuary  | Reached XP level 6. HP: 11/42 MP: 2/11
  3278 | D:4      | Found a shadowy altar of Dithmenos.
  3396 | D:4      | Learned a level 2 spell: Song of Slaying
  3728 | D:4      | Reached skill level 1 in Translocations
  3751 | D:4      | Reached skill level 1 in Evocations
  4010 | D:4      | Reached XP level 7. HP: 33/46 MP: 0/13
  4112 | D:5      | Entered Level 5 of the Dungeon
  4214 | D:5      | HP: 1/46 [something (5)]
  4220 | D:5      | Acquired Okawaru's first power
  4220 | D:5      | Reached skill level 1 in Invocations
  4364 | D:5      | Found an opulent altar of Gozag.
  4365 | D:5      | Noticed Illaniel's ghost (average HESk)
  4562 | D:5      | Reached skill level 5 in Long Blades
  4727 | D:5      | Killed Illaniel's ghost
  5151 | D:5      | Reached XP level 8. HP: 23/52 MP: 6/14
  5218 | D:5      | Reached skill level 5 in Charms
  5352 | D:6      | Found a staircase to the Ecumenical Temple.
  5420 | Temple   | Entered the Ecumenical Temple
  5983 | D:6      | Found a bloodstained altar of Trog.
  6260 | D:6      | Noticed Crazy Yiuf
  6262 | D:6      | Killed Crazy Yiuf
  6637 | D:7      | Reached skill level 6 in Long Blades
  6963 | D:7      | Learned a level 1 spell: Summon Butterflies
  7370 | D:7      | Reached skill level 5 in Dodging
  7609 | D:7      | Reached XP level 9. HP: 58/58 MP: 16/16
  7806 | D:7      | Found a basalt altar of Yredelemnul.
  8287 | D:8      | Upgraded the game from 0.17-a0-1567-gdd419b1 to 0.17-a0-1570-g74b7129
  8794 | D:8      | Reached skill level 7 in Long Blades
  8977 | D:8      | Reached skill level 5 in Spellcasting
  9241 | D:9      | Found a staircase to the Lair.
  9418 | Lair:1   | Entered Level 1 of the Lair of Beasts
  9418 | Lair:1   | Noticed Erica
  9429 | Lair:1   | Killed Erica
  9429 | Lair:1   | Reached XP level 10. HP: 42/65 MP: 4/19
  9446 | Lair:1   | Noticed a komodo dragon
  9470 | Lair:1   | Killed a komodo dragon
  9470 | Lair:1   | Acquired Okawaru's second power
  9476 | Lair:1   | Reached skill level 5 in Invocations
  9498 | Lair:1   | Noticed JohnySteed's ghost (experienced TrMo)
  9618 | D:9      | Reached skill level 8 in Long Blades
  9745 | Lair:1   | You fall through a shaft!
  9913 | Lair:1   | Found a frozen archway.
  9920 | IceCv    | Entered an ice cave
 10090 | IceCv    | Received a gift from Okawaru
 10090 | IceCv    | Reached skill level 5 in Fighting
 10133 | IceCv    | Reached skill level 9 in Long Blades
 10239 | IceCv    | Received a gift from Okawaru
 10255 | IceCv    | Reached XP level 11. HP: 51/72 MP: 8/21
 10466 | IceCv    | Reached skill level 1 in Stealth
 10753 | IceCv    | Reached skill level 1 in Summonings
 10762 | IceCv    | Reached skill level 5 in Evocations
 10934 | IceCv    | Reached skill level 5 in Armour
 11001 | IceCv    | Learned a level 2 spell: Stoneskin
 11231 | IceCv    | Noticed a death yak
 11231 | IceCv    | Noticed a frost giant
 11304 | IceCv    | Killed a death yak
 11550 | IceCv    | Engulfed by a cloud of freezing vapour

Vault maps used:
D:1:      kilobyte_arrival_exit_the_forest, minmay_misc_feat_chi,
          minmay_tree_intersection, hex_tiny, minmay_misc_feat_square
D:2:      ecumenical_altar_2, okawaru_metal_pillars_1_2, uniq_terence
D:3:      grunt_temple_overflow_order_and_chaos_1, bloody_trog,
          gammafunk_temple_overflow_forgotten
D:4:      nicolae_overflow_crystal_walls, first_bread,
          nicolae_ossuary_entry_monument
D:5:      grunt_gozag_breadcrumbs, hangedman_decor_peaks_small
D:6:      minmay_temple_entry_statues_pillars, minmay_misc_feat_rows,
          trog_hazing_becter, uniq_crazy_yiuf_cottage
D:7:      kennysheep_little_box, kennysheep_generic_room_8
D:9:      fedhas_altar_3, vehumet_statue, dpeg_lair_monsters
Temple:   jpeg_temple_alley_garden_8
Lair:1:   portal_ice_cave_entry_pillars_02, uniq_erica
Lair:2:   minmay_lair_oklob_chamber, eino_house_with_fridge
Ossuary:  ossuary_minmay_tomb_2a
IceCv:    ice_cave_caverns_03

Action                   |  1- 3 |  4- 6 |  7- 9 | 10-12 || total
-------------------------+-------+-------+-------+-------++-------
Melee: Falchion          |    99 |   206 |   348 |       ||   653
       Great sword       |       |       |    75 |       ||    75
       Scimitar          |       |       |       |   174 ||   174
 Cast: Infusion          |    15 |    21 |    33 |       ||    69
       Shroud of Golubri |     1 |     6 |    20 |    13 ||    40
       Spectral Weapon   |     4 |    18 |    56 |    26 ||   104
       Regeneration      |       |     4 |    22 |    32 ||    58
       Song of Slaying   |       |     3 |     7 |     3 ||    13
       Stoneskin         |       |       |       |     1 ||     1
Invok: Heroism           |       |       |       |     2 ||     2
 Abil: Evoke Berserk Rag |       |     1 |     2 |       ||     3
       Stop Singing      |       |       |     1 |       ||     1
Evoke: Wand              |       |     2 |     6 |       ||     8
  Use: Scroll            |     4 |     8 |    11 |     2 ||    25
       Potion            |       |     7 |     7 |       ||    14
 Stab: Paralysed         |       |     2 |     6 |       ||     8
       Distracted        |       |     3 |     5 |     4 ||    12
       Sleeping          |       |     1 |     1 |       ||     2
  Eat: Chunk             |     2 |     9 |    24 |    10 ||    45
       Bread ration      |       |     1 |       |       ||     1
       Fruit             |       |       |     4 |     2 ||     6
       Pizza             |       |       |     1 |       ||     1
